 Dungeon Crawl Stone Soup version 0.26-a0-466-g989023bd0d (webtiles) character file.

Game seed: 6689873468620697454

76 FluffGlitter the Changer (level 4, 0/28 HPs)
             Began as an Octopode Transmuter on Aug 2, 2020.
             Slain by a bat (1 damage)
             ... on level 2 of the Dungeon.
             The game lasted 00:07:03 (2112 turns).

FluffGlitter the Changer (Octopode Transmuter)      Turns: 2112, Time: 00:07:04

Health: 0/28       AC:  1    Str: 10    XL:     4   Next: 32%
Magic:  6/7        EV: 13    Int: 15    God:
Gold:   76         SH:  0    Dex: 12    Spells: 6/7 levels left

rFire    . . .     SeeInvis .     - Unarmed
rCold    . . .     Faith    .   (no shield)
rNeg     . . .     Spirit   .   (helmet currently unavailable)
rPois    .         Reflect  .   (no amulet)
rElec    .         Harm     .   (no ring)
rCorr    .                      (no ring)
MR       .....                  (no ring)
Stlth    ++........             (no ring)
HPRegen  0.09/turn              (no ring)
MPRegen  0.10/turn              (no ring)
                                (no ring)
                                (no ring)

@: lethally poisoned (0 -> -2), appendages
A: almost no armour, stealthy swim, amphibious, 8 rings, constrict 8, tentacle
spike 3, camouflage 1, gelatinous body 1
a: End Transformation


You were on level 2 of the Dungeon.
One of your tentacles had a temporary spike.
You visited 1 branch of the dungeon, and saw 3 of its levels.

You collected 76 gold pieces.

Inventory:

Missiles
 e - 12 poisoned darts (quivered)
 j - 41 stones
Scrolls
 a - 2 scrolls of identify {unknown}
 b - a scroll of fear {unknown}
 d - 2 scrolls of enchant armour {unknown}
 f - a scroll of teleportation {unknown}
 g - a scroll of fog {unknown}
 i - a scroll of remove curse {unknown}
 l - a scroll of amnesia {unknown}
Potions
 c - 2 potions of flight {unknown}
 h - 3 potions of mutation {unknown}
 k - 2 potions of magic {unknown}
 m - a potion of degeneration {unknown}
 n - a potion of curing {unknown}
 o - a potion of haste {unknown}


   Skills:
 - Level 1.0 Fighting
 - Level 2.0 Dodging
 + Level 3.7 Unarmed Combat
 - Level 2.0 Spellcasting
 * Level 3.8 Transmutations


You had 6 spell levels left.
You knew the following spells:

 Your Spells              Type           Power        Failure   Level
a - Beastly Appendage     Tmut           ##....       4%          1

Your spell library contained the following spells:

 Spells                   Type           Power        Failure   Level
 Wereblood                Tmut           ##......     7%          2
 Spider Form              Tmut/Pois      #.........   30%         3
 Ice Form                 Ice/Tmut       #.......     69%         4
 Blade Hands              Tmut           ##........   77%         5


Dungeon Overview and Level Annotations

Branches:
Dungeon (3/15)

Altars:


Innate Abilities, Weirdness & Mutations

You cannot wear most types of armour.
You are very stealthy in the water. (Stealth+)
You are amphibious.
You can wear up to eight rings at the same time.
You can use your tentacles to constrict eight enemies at once.
Your skin changes colour to match your surroundings (Stealth+).
Your rubbery body absorbs attacks. (AC +1, EV +1)
One of your tentacles bears a large vicious spike.


Message History

The adder hisses angrily.
The frilled lizard closely misses you. The frilled lizard bites you.
You barely miss the adder. You grab the adder. You constrict the adder.
The bat hits you but does no damage. The adder bites you.
You are poisoned.
The adder poisons you! The bat hits you. The frilled lizard closely misses you.
The adder bites you.
You tentacle-slap the adder. You constrict the adder.
You feel sick. The bat hits you. The adder bites you.
* * * LOW HITPOINT WARNING * * *
The frilled lizard bites you.
* * * LOW HITPOINT WARNING * * *
You release your grip on the adder.
The bat closely misses you. The frilled lizard closely misses you.
You feel sick. The bat barely misses you. The bat closely misses you.
The adder closely misses you.
You tentacle-slap the adder. You grab the adder. You constrict the adder.
You kill the adder!
You feel sick. The bat closely misses you. The bat hits you but does no damage.
You barely miss the frilled lizard. Your grab misses the frilled lizard.
The bat misses you. The frilled lizard bites you.
* * * LOW HITPOINT WARNING * * *
You barely miss the frilled lizard. Your grab misses the frilled lizard.
Your tentacle-slap misses the frilled lizard.
You feel sick. The bat barely misses you. The frilled lizard bites you.
* * * LOW HITPOINT WARNING * * *
The bat barely misses you. The bat hits you but does no damage.
* * * LOW HITPOINT WARNING * * *
You feel sick. The bat closely misses you.
One of your tentacles grows a vicious spike.
The bat barely misses you. x2; The frilled lizard barely misses you.
You tentacle-slap the frilled lizard.
You kill the frilled lizard!
The bat hits you.
* * * LOW HITPOINT WARNING * * *
You miss the bat. Your grab misses the bat.
Your tentacle spike misses the bat.
The bat misses you.
You tentacle-slap the bat but do no damage.
Your grab misses the bat.
* * * LOW HITPOINT WARNING * * *
You feel sick. The bat closely misses you.
You are too injured to fight recklessly!
You are too injured to fight recklessly!
You are too injured to fight recklessly!
You tentacle-slap the bat. Your grab misses the bat.
Your tentacle spike misses the bat.
The bat misses you. The bat hits you.
You die...

..####.### #.#
#....##....... ..# #.#
#.# #...###.......
..####.######+######...#
#.......
.......#........##.....#
#.......
.......#........##.....#
#.......
.......#...............#
########
##.....#..........##...#
#.....######.....##...#
#####.# #...@.##...# #+#
#..†.b###### #.....#
#.....# . #.....+
...######....#
.............+
........[....#
.............#


You could see a bat.

Vanquished Creatures
  3 adders (D:2)
  A worm (D:2)
  A dart slug (D:1)
  4 leopard geckos
  A bat (D:2)
  4 giant cockroaches
  5 goblins
  3 hobgoblins
  4 kobolds (D:1)
  A quokka (D:2)
  4 frilled lizards (D:2)
  11 rats
42 creatures vanquished.

Notes
Turn   | Place    | Note
-------+----------+-------------------------------------------
     0 | D:1      | FluffGlitter the Octopode Transmuter began the quest for
                  | the Orb.
     0 | D:1      | Reached XP level 1. HP: 13/13 MP: 3/3
   275 | D:1      | Reached XP level 2. HP: 18/18 MP: 5/5
   772 | D:1      | Reached XP level 3. HP: 23/23 MP: 6/6
   801 | D:1      | You fall into a shaft and drop 1 floor!
  1888 | D:2      | Reached XP level 4. HP: 28/28 MP: 7/7
  2111 | D:2      | HP: 1/28 [poisoned by an adder]
  2112 | D:2      | Slain by a bat

Illustrated notes

Levels and vault maps discovered:
D:1:      wander_arrival_estate, layout_loops_cross, minmay_misc_feat_x,
          minmay_misc_feat_four_crosses
D:2:      layout_basic
D:3:      minmay_spotlight, layout_basic, lemuel_crystal_altar,
          chequers_serial_rivers_room_a

Skill      XL: |  1  2 |
---------------+-------+-----
Transmutations | 3 |  3.8
Fighting       | |  1.0
Dodging        | |  2.0
Unarmed Combat | |  3.7
Spellcasting   | |  2.0

Action                   |  1- 3 |  4- 6 || total
-------------------------+-------+-------++-------
Melee: Unarmed           |    87 |    11 ||    98
       Constrict         |    27 |     2 ||    29
       Tentacles         |    17 |       ||    17
       Punch             |       |     1 ||     1
Throw: Dart              |     2 |       ||     2
 Cast: Beastly Appendage |       |     1 ||     1
 Stab: Sleeping          |     7 |     1 ||     8
       Distracted        |     1 |       ||     1
Armor: Skin              |     1 |     3 ||     4
Dodge: Dodged            |    44 |    18 ||    62

Table legend: (Time is in decaauts)
 A = Elapsed time spent in this place.
 B = Non-inter-level travel time spent in this place.
 C = Inter-level travel time spent in this place.
 D = Time resting spent in this place.
 E = Time spent auto-exploring this place.
 F = Levels seen in this place.
 G = Mean time per level.
                   A        B        C        D        E       F      G
               +--------+--------+--------+--------+--------+-----+--------+
         Total |   2111 |   2020 |     91 |    485 |   1032 |   3 |  703.7 |
       Dungeon |   2111 |   2020 |     91 |    485 |   1032 |   3 |  703.7 |
               +--------+--------+--------+--------+--------+-----+--------+

Top non-repeatable levels by time:
     D:1: 1280 daAuts
     D:2: 803 daAuts
     D:3: 28 daAuts
